 Dungeon Crawl Stone Soup version 0.27.1-33-g824d729ab1 (webtiles) character file.

Game seed: 14711396108981001760

66 M0nkeyB0y the Poker (level 3, -1/34 HPs)
             Began as a Minotaur Chaos Knight on Dec 31, 2021.
             Was a Plaything of Xom.
             Slain by a gnoll (8 damage)
             ... on level 2 of the Dungeon.
             The game lasted 00:06:21 (1129 turns).

M0nkeyB0y the Poker (Minotaur Chaos Knight)         Turns: 1129, Time: 00:06:22

Health: -1/34      AC:  6    Str: 16    XL:     3   Next: 96%
Magic:  2/2        EV: 11    Int: 10    God:    Xom [..*...]
Gold:   33         SH:  0    Dex:  9    Spells: 2/2 levels left

rFire    . . .     SeeInvis .   a - +0 spear (chaos)
rCold    . . .     Faith    .   (no shield)
rNeg     . . .     Spirit   .   b - +2 leather armour
rPois    .         Reflect  .   (helmet restricted)
rElec    .         Harm     .   (no cloak)
rCorr    .         Rampage  .   (no gloves)
Will     .....                  c - +0 pair of boots
Stlth    +.........             (no amulet)
HPRegen  0.11/turn              (no ring)
MPRegen  0.08/turn              (no ring)

@: no status effects
A: horns 2, retaliatory headbutt, noise suppression
a: Renounce Religion


You were on level 2 of the Dungeon.
You worshipped Xom.
You were a toy of Xom.
You visited 1 branch of the dungeon, and saw 2 of its levels.

You collected 33 gold pieces.

Inventory:

Hand Weapons
 a - a +0 spear of chaos (weapon)
Armour
 b - a +2 leather armour (worn)
 c - a +0 pair of boots (worn)
Scrolls
 d - a scroll of teleportation
Potions
 e - a potion of cancellation {unknown}


   Skills:
 + Level 4.3 Fighting
 + Level 4.9 Polearms
 + Level 2.8 Armour
 + Level 1.7 Dodging


You had 2 spell levels left.
You didn't know any spells.
Your spell library was empty.

Dungeon Overview and Level Annotations

Branches:
Dungeon (2/15)

Altars:

Shops:
D:2 [


Innate Abilities, Weirdness & Mutations

You have a pair of horns on your head.
You reflexively headbutt those who attack you in melee.
You passively dampen the noise of your surroundings.


Message History

The gnoll is moderately wounded.
The gnoll hits you with a +0 spear.
You hit the gnoll. You freeze the gnoll.
The gnoll is almost dead.
The gnoll hits you with a +0 spear!
A shower of butterflies erupts from you!
You swap places.
Your orc zombie barely misses the gnoll.
The gnoll hits you from afar with a +0 spear.
You swap places.
The gnoll hits your orc zombie with a +0 spear!
Your orc zombie is destroyed!
The gnoll misses your butterfly.
The gnoll closely misses your butterfly.
The gnoll barely misses your butterfly. x2
The gnoll closely misses your butterfly.
You swap places.
The gnoll closely misses you.
You hit the gnoll.
You feel better.
You kill the gnoll!
The gnoll completely misses your butterfly.
The gnoll completely misses your butterfly.
You see here a +0 spear.
You swap places.
The gnoll closely misses you.
You swap places.
The gnoll completely misses your butterfly.
You see here a +0 spear.
You swap places.
The gnoll misses you.
You hit the gnoll but do no damage.
The gnoll seems to speed up.
The gnoll hits you with a +0 flail.
You barely miss the gnoll. You headbutt the gnoll.
The gnoll is moderately wounded.
Your butterfly disappears in a puff of smoke!
The gnoll closely misses you.
You hit the gnoll.
The gnoll is severely wounded.
Your butterfly disappears in a puff of smoke!
The gnoll hits you with a +0 flail.
* * * LOW HITPOINT WARNING * * *
The gnoll hits you with a +0 flail!
You die...

####### ##.....##
##.......## ##
#.........# .#
#.........# .#
##......ยง..######.#
:...........g@)b..#
...........######.#
..#.......## .#
...........# .#
........g..# .#
#..........# .#
...........# .#
#<.........# .#
#.#...)......


You could see a gnoll (fast).

Vanquished Creatures
  2 adders (D:2)
  A gnoll (D:2)
  A dart slug (D:1)
  3 orcs (D:2)
  2 ball pythons (D:1)
  2 bats (D:1)
  5 endoplasms (D:1)
  2 giant cockroaches (D:1)
  A goblin (D:1)
  3 hobgoblins
  2 jackals (D:1)
  2 kobolds (D:1)
  A quokka (D:1)
  2 frilled lizards (D:1)
  A rat (D:1)
30 creatures vanquished.

Notes
Turn   | Place    | Note
-------+----------+-------------------------------------------
     0 | D:1      | M0nkeyB0y the Minotaur Chaos Knight began the quest for the
                  | Orb.
     0 | D:1      | Reached XP level 1. HP: 19/19 MP: 0/0
    46 | D:1      | Reached XP level 2. HP: 25/27 MP: 1/1
   236 | D:1      | Found a faded altar of an unknown god.
   236 | D:1      | XOM: 9-stop teleportation journey
   326 | D:1      | XOM: 2-stop teleportation journey
   341 | D:1      | XOM: smoke on damage
   717 | D:1      | Reached XP level 3. HP: 27/33 MP: 2/2
   731 | D:1      | XOM: give mutation
   731 | D:1      | Gained mutation: You passively dampen the noise of your
                  | surroundings. [Xom's mischief]
   890 | D:2      | Found Tuemis Socw's Antique Armour Shop.
   933 | D:2      | XOM: torment (17/34 hp)
  1086 | D:2      | XOM: 1-stop teleportation journey
  1099 | D:2      | XOM: blink monster(s)
  1112 | D:2      | XOM: butterfly on damage
  1129 | D:2      | Slain by a gnoll

Illustrated notes

Levels and vault maps discovered:
D:1:      minmay_arrival_semitransparent, layout_basic,
          ebering_ecumenical_altar_webs, grunt_decor_one_mirror,
          hangedman_decor_clover_reticule, minmay_misc_feat_nine_boxes
D:2:      layout_rooms, serial_shops, shop, grunt_decor_resistance

Skill      XL: |  1  2 |
---------------+-------+-----
Fighting       | 4 |  4.3
Polearms       | 4 |  4.9
Armour         | |  2.8
Dodging        | |  1.7

Action                   || total
-------------------------++-------
Melee: Spear             ||    84
       Headbutt          ||    14
  Use: Scroll            ||     3
Armor: Leather armour    ||    22
Dodge: Dodged            ||    43
